[Event "ROU-ch Women 2021"]
[Site "Iasi"]
[Date "2021.04.22"]
[Round "5.4"]
[White "Maria, Lia-Alexandra"]
[Black "Anghel, Maria"]
[Result "0-1"]
[ECO "B28"]
[WhiteElo "1713"]
[BlackElo "1918"]
[Annotator "NA"]
[PlyCount "52"]
[EventDate "2021.04.19"]
[EventType "swiss"]
[EventCountry "ROU"]
[SourceTitle "playchess.com"]
[Source "ChessBase"]
[SourceQuality "1"]
[TimeControl "5400+30"]

1. e4 c5 2. Nf3 a6 3. d4 cxd4 4. Nxd4 Nf6 5. Nc3 e5 6. Nf3 Bb4 7. Bd2 O-O 8. Bd3 Bxc3 9. Bxc3 d6 10. Qe2 Nc6 11. O-O-O b5 12. a3 Rb8 13. h3 Qc7 14. g4 b4 15. axb4 Nxb4 16. Bc4 Be6 17. Bxe6 fxe6 18. Bxb4 Rxb4 19. Ng5 Rfb8 20. c3 Rxb2 21. Qxb2 Rxb2 22. Kxb2 h6 23. Nxe6 Qe7 24. g5 Nxe4 25. Rhe1 d5 26. g6 Nxf2 0-1

[Event "ROU-ch Women 2021"]
[Site "Iasi"]
[Date "2021.04.22"]
[Round "5.5"]
[White "Pirvan, Maria"]
[Black "Pancu, Aureliana-Eugenia"]
[Result "0-1"]
[ECO "C10"]
[WhiteElo "1529"]
[BlackElo "1878"]
[Annotator "NA"]
[PlyCount "58"]
[EventDate "2021.04.19"]
[EventType "swiss"]
[EventCountry "ROU"]
[SourceTitle "playchess.com"]
[Source "ChessBase"]
[SourceQuality "1"]
[TimeControl "5400+30"]

1. e4 e6 2. d4 d5 3. Nd2 dxe4 4. Nxe4 Nd7 5. c3 Ngf6 6. Nxf6+ Nxf6 7. Nf3 Be7 8. Bd3 Bd7 9. Ne5 h6 10. O-O O-O 11. Qf3 Rb8 12. Qh3 Bc6 13. Nxc6 bxc6 14. Bxh6 gxh6 15. Qxh6 Qd5 16. g4 Ne4 17. f3 Qg5 18. Qxg5+ Nxg5 19. f4 Nh7 20. b4 Rfd8 21. g5 Nf8 22. Be4 c5 23. bxc5 Rb2 24. Rfb1 Rdb8 25. Bc2 Ng6 26. Bxg6 fxg6 27. Rxb2 Rxb2 28. Re1 Kf7 29. Rc1 Rxa2 0-1

[Event "ROU-ch Women 2021"]
[Site "Iasi"]
[Date "2021.04.22"]
[Round "5.6"]
[White "Andries, Alexia"]
[Black "Marcu, Daria-Ana"]
[Result "0-1"]
[ECO "E41"]
[WhiteElo "1553"]
[BlackElo "1533"]
[Annotator "NA"]
[PlyCount "76"]
[EventDate "2021.04.19"]
[EventType "swiss"]
[EventCountry "ROU"]
[SourceTitle "playchess.com"]
[Source "ChessBase"]
[SourceQuality "1"]
[TimeControl "5400+30"]

1. d4 Nf6 2. c4 e6 3. Nc3 Bb4 4. e3 Bxc3+ 5. bxc3 c5 6. Nf3 O-O 7. Bd3 d6 8. O-O Nc6 9. e4 e5 10. d5 Ne7 11. Bg5 Ng6 12. Rb1 h6 13. Bc1 b6 14. Qc2 Nh5 15. Ne1 Nhf4 16. f3 h5 17. Kh1 h4 18. Rb2 Kh7 19. a4 Rh8 20. a5 Nh5 21. Kg1 Ngf4 22. Bxf4 Nxf4 23. Ra2 h3 24. g3 Nh5 25. Qf2 Rb8 26. axb6 axb6 27. f4 exf4 28. gxf4 Kg8 29. Kh1 Nf6 30. e5 Ng4 31. Qe2 Kf8 32. e6 Nf6 33. f5 Bb7 34. Be4 Rh4 35. Bf3 Rf4 36. Qd3 b5 37. Qb1 Rxc4 38. Rb2 Nxd5 0-1

[Event "ROU-ch Women 2021"]
[Site "Iasi"]
[Date "2021.04.23"]
[Round "6.6"]
[White "Andries, Alexia"]
[Black "Pirvan, Maria"]
[Result "1/2-1/2"]
[ECO "D94"]
[WhiteElo "1553"]
[BlackElo "1529"]
[Annotator "NA RC"]
[PlyCount "130"]
[EventDate "2021.04.19"]
[EventType "swiss"]
[EventCountry "ROU"]
[SourceTitle "playchess.com"]
[Source "ChessBase"]
[SourceQuality "1"]
[TimeControl "5400+30"]

1. d4 Nf6 2. c4 c5 3. e3 g6 4. Nc3 Bg7 5. Nf3 O-O 6. Bd3 d5 7. O-O cxd4 8. exd4 Nc6 9. Re1 Bg4 10. Be2 dxc4 11. d5 Nb4 12. h3 Bf5 13. Bxc4 Nc2 14. Bf4 Nxa1 15. Qxa1 Rc8 16. Bb3 Nh5 17. Be5 Bxe5 18. Nxe5 Nf4 19. Qd1 Qd6 20. Qd2 g5 21. h4 f6 22. Nf3 g4 23. Nd4 Bg6 24. Ne6 Nxe6 25. Rxe6 Qb4 26. d6 Bf7 27. dxe7 Bxe6 28. Bxe6+ Kh8 29. exf8=Q+ Rxf8 30. Qh6 Qe7 31. Bxg4 Qg7 32. Qxg7+ Kxg7 33. Kh2 Rd8 34. Ne4 Rd4 35. Bf3 f5 36. Nc5 Rxh4+ 37. Kg3 Rb4 38. Nxb7 Rxb2 39. a4 Rb4 40. a5 Ra4 41. Kh3 Kf6 42. g3 Ra3 43. Kg2 a6 44. Be2 Rb3 45. Bxa6 Ke7 46. f3 Rb2+ 47. Kh3 Rb3 48. f4 h6 49. Nc5 Ra3 50. Bb7 Rxa5 51. Nd3 Kf6 52. Ne5 Ra3 53. Bf3 Ra4 54. Nd7+ Kg6 55. Nb6 Ra6 56. Nd5 Re6 57. Kg2 Rd6 58. Kh3 Re6 59. g4 fxg4+ 60. Kxg4 Ra6 61. Be4+ Kf7 62. f5 Ra1 63. Nf4 Rf1 64. Bd5+ Kf6 65. Nh5+ Ke5 1/2-1/2

[Event "ROU-ch Women 2021"]
[Site "Iasi"]
[Date "2021.04.23"]
[Round "7.1"]
[White "Sandu, Mihaela"]
[Black "Peptan, Corina-Isabela"]
[Result "1-0"]
[ECO "D41"]
[WhiteElo "2268"]
[BlackElo "2392"]
[Annotator "NA"]
[PlyCount "81"]
[EventDate "2021.04.19"]
[EventType "swiss"]
[EventCountry "ROU"]
[SourceTitle "playchess.com"]
[Source "ChessBase"]
[SourceQuality "1"]
[TimeControl "5400+30"]

1. e4 c6 2. c4 d5 3. exd5 cxd5 4. cxd5 Nf6 5. Nc3 Nxd5 6. Nf3 e6 7. d4 Be7 8. Bd3 O-O 9. O-O Nxc3 10. bxc3 Nd7 11. Qe2 Qc7 12. c4 Re8 13. Qe4 Nf8 14. Bf4 Bd6 15. Bxd6 Qxd6 16. Rab1 Rb8 17. Ne5 Bd7 18. c5 Qd5 19. Nxd7 Nxd7 20. Qxh7+ Kf8 21. Bb5 g6 22. Rb3 Ke7 23. Bxd7 Qxd7 24. Qh4+ Kf8 25. Rf3 f5 26. Qh8+ Ke7 27. Qg7+ Kd8 28. Qxg6 Qxd4 29. Qg3 Kc8 30. Rd3 Qf6 31. Rfd1 f4 32. Qf3 Re7 33. Rd8+ Kc7 34. Qd3 Rxd8 35. Qxd8+ Kc6 36. Qd6+ Kb5 37. c6 bxc6 38. Rb1+ Kc4 39. Rc1+ Kb5 40. Qxc6+ Kb4 41. Qc5+ 1-0

[Event "ROU-ch Women 2021"]
[Site "Iasi"]
[Date "2021.04.23"]
[Round "7.2"]
[White "Ciolacu, Alessia-Mihaela"]
[Black "Andries, Alexia"]
[Result "1-0"]
[ECO "E73"]
[WhiteElo "2052"]
[BlackElo "1553"]
[Annotator "NA"]
[PlyCount "75"]
[EventDate "2021.04.19"]
[EventType "swiss"]
[EventCountry "ROU"]
[SourceTitle "playchess.com"]
[Source "ChessBase"]
[SourceQuality "1"]
[TimeControl "5400+30"]

1. d4 Nf6 2. c4 g6 3. Nc3 Bg7 4. e4 d6 5. Be2 O-O 6. Be3 e5 7. d5 Na6 8. g4 Nc5 9. f3 Ne8 10. h4 f5 11. h5 fxe4 12. fxe4 gxh5 13. gxh5 Kh8 14. Qd2 Rg8 15. Nf3 Qe7 16. O-O-O Bd7 17. Nh4 Bf8 18. Ng6+ Rxg6 19. hxg6 Nf6 20. Bg5 Bg7 21. Rxh7+ Kg8 22. Rdh1 Be8 23. b4 Ncd7 24. Bg4 Nf8 25. Rxg7+ Qxg7 26. Bh6 Qe7 27. g7 N8h7 28. Bf5 Bd7 29. Bg6 a5 30. Qh2 axb4 31. Nd1 Ra3 32. Ne3 Rc3+ 33. Kb2 Bc8 34. Bxh7+ Nxh7 35. Bf4 Nf6 36. Qh8+ Kf7 37. Bg5 Rxe3 38. g8=Q+ 1-0

[Event "ROU-ch Women 2021"]
[Site "Iasi"]
[Date "2021.04.23"]
[Round "7.3"]
[White "Cosman, Andreea-Marioara"]
[Black "Obada, Ema"]
[Result "1/2-1/2"]
[ECO "E11"]
[WhiteElo "2164"]
[BlackElo "1940"]
[Annotator "NA"]
[PlyCount "51"]
[EventDate "2021.04.19"]
[EventType "swiss"]
[EventCountry "ROU"]
[SourceTitle "playchess.com"]
[Source "ChessBase"]
[SourceQuality "1"]
[TimeControl "5400+30"]

1. d4 e6 2. c4 Nf6 3. Nf3 Bb4+ 4. Nbd2 O-O 5. a3 Bxd2+ 6. Qxd2 d6 7. b3 Nbd7 8. Bb2 Qe7 9. Qc2 b6 10. e4 e5 11. d5 Nh5 12. O-O-O a5 13. Ne1 Nc5 14. f3 Bd7 15. g4 Nf4 16. h4 c6 17. dxc6 Bxc6 18. Nd3 Nfxd3+ 19. Bxd3 Rfc8 20. Kb1 Bd7 21. a4 Be6 22. Ba3 Rc6 23. Qc3 Rac8 24. Bxc5 Rxc5 25. Qd2 Rd8 26. Be2 1/2-1/2

[Event "ROU-ch Women 2021"]
[Site "Iasi"]
[Date "2021.04.23"]
[Round "7.5"]
[White "Pirvan, Maria"]
[Black "Lehaci, Miruna-Daria"]
[Result "1/2-1/2"]
[ECO "C08"]
[WhiteElo "1529"]
[BlackElo "2188"]
[Annotator "NA"]
[PlyCount "94"]
[EventDate "2021.04.19"]
[EventType "swiss"]
[EventCountry "ROU"]
[SourceTitle "playchess.com"]
[Source "ChessBase"]
[SourceQuality "1"]
[TimeControl "5400+30"]

1. e4 e6 2. d4 d5 3. Nd2 c5 4. exd5 exd5 5. dxc5 Bxc5 6. Nb3 Bb6 7. Nf3 Nf6 8. Bd3 O-O 9. O-O Bg4 10. h3 Bh5 11. Bg5 Qd6 12. Bh4 Nc6 13. Bf5 Qf4 14. g4 Bg6 15. Bxg6 hxg6 16. Kg2 Qd6 17. Nbd4 Rfe8 18. c3 Ne4 19. Qd3 Nxd4 20. Nxd4 g5 21. Nf5 Qc6 22. Bg3 Nxg3 23. Qxg3 Re4 24. Rad1 Rae8 25. Kg1 Re2 26. Qf3 Rxb2 27. Rxd5 Rxa2 28. c4 Bc5 29. Qc3 Bf8 30. Rfd1 Qc7 31. Rd7 Qf4 32. Rf1 b6 33. c5 Rae2 34. c6 R2e4 35. Rxa7 Rc4 36. Qb3 Rc8 37. Qxb6 R4xc6 38. Qb3 Rf6 39. Qb7 Rb8 40. Qd7 g6 41. Ne7+ Bxe7 42. Qxe7 Kg7 43. Qc7 Qb4 44. Qe5 Qb6 45. Rd7 Rc8 46. Qxg5 Rc2 47. Qh4 Rc4 1/2-1/2

[Event "ROU-ch Women 2021"]
[Site "Iasi"]
[Date "2021.04.23"]
[Round "7.6"]
[White "Marcu, Daria-Ana"]
[Black "Maria, Lia-Alexandra"]
[Result "0-1"]
[ECO "C15"]
[WhiteElo "1533"]
[BlackElo "1713"]
[Annotator "NA"]
[PlyCount "70"]
[EventDate "2021.04.19"]
[EventType "swiss"]
[EventCountry "ROU"]
[SourceTitle "playchess.com"]
[Source "ChessBase"]
[SourceQuality "1"]
[TimeControl "5400+30"]

1. e4 e6 2. d4 d5 3. Nc3 Bb4 4. Bd2 dxe4 5. Nxe4 Qxd4 6. Nc3 Nf6 7. Nf3 Qd8 8. Bd3 O-O 9. O-O Nbd7 10. a3 Be7 11. Bf4 a6 12. Qe2 b5 13. Rad1 Bb7 14. Ng5 h6 15. Nge4 e5 16. Nxf6+ Bxf6 17. Bxh6 gxh6 18. Bf5 Bc6 19. Qg4+ Kh8 20. Qh3 Bg7 21. Bxd7 Qf6 22. Bxc6 Qxc6 23. Qd7 Qg6 24. Nd5 Qxc2 25. Qxc7 Qxb2 26. Qa5 Qc2 27. Nb4 Qg6 28. Rc1 Rfd8 29. h3 e4 30. Rc6 Rd6 31. Rfc1 Be5 32. R6c5 Bf4 33. Re1 e3 34. fxe3 Rd2 35. g4 Qe4 0-1

[Event "ROU-ch Women 2021"]
[Site "Iasi"]
[Date "2021.04.24"]
[Round "8.1"]
[White "Ciolacu, Alessia-Mihaela"]
[Black "Cosman, Andreea-Marioara"]
[Result "1-0"]
[ECO "A61"]
[WhiteElo "2052"]
[BlackElo "2164"]
[Annotator "NA"]
[PlyCount "71"]
[EventDate "2021.04.19"]
[EventType "swiss"]
[EventCountry "ROU"]
[SourceTitle "playchess.com"]
[Source "ChessBase"]
[SourceQuality "1"]
[TimeControl "5400+30"]

1. d4 Nf6 2. c4 c5 3. d5 e6 4. Nc3 exd5 5. cxd5 d6 6. Nf3 g6 7. Bf4 Bg7 8. Qa4+ Bd7 9. Qb3 b5 10. Bxd6 Qb6 11. Be5 O-O 12. e3 c4 13. Qd1 b4 14. Ne2 Rc8 15. Nf4 c3 16. Bd3 Na6 17. O-O Nc5 18. Bc2 Nce4 19. Qb1 Nd6 20. bxc3 Nc4 21. Bd4 Qc7 22. Qxb4 Bg4 23. Bd3 Bxf3 24. gxf3 Nd2 25. Rfd1 Nxf3+ 26. Kg2 Qd7 27. Bxf6 Qg4+ 28. Kh1 Bxf6 29. Be2 Bxc3 30. Qe4 Bxa1 31. Bxf3 Qh4 32. Rxa1 Qxf2 33. d6 Rab8 34. Nd5 Rc2 35. Nf6+ Kg7 36. Ng4 1-0

[Event "ROU-ch Women 2021"]
[Site "Iasi"]
[Date "2021.04.24"]
[Round "8.2"]
[White "Sandu, Mihaela"]
[Black "Anghel, Maria"]
[Result "1-0"]
[ECO "B12"]
[WhiteElo "2268"]
[BlackElo "1918"]
[Annotator "NA"]
[PlyCount "61"]
[EventDate "2021.04.19"]
[EventType "swiss"]
[EventCountry "ROU"]
[SourceTitle "playchess.com"]
[Source "ChessBase"]
[SourceQuality "1"]
[TimeControl "5400+30"]

1. e4 c6 2. d4 d5 3. e5 Bf5 4. Nf3 e6 5. Be2 Nd7 6. O-O Ne7 7. Nbd2 c5 8. c4 Qc7 9. dxc5 Nc6 10. cxd5 exd5 11. Nb3 Be6 12. Nfd4 Nxc5 13. Nxe6 fxe6 14. Bh5+ g6 15. Bg4 Qf7 16. Nd4 h5 17. Bh3 Be7 18. Nxc6 bxc6 19. Be3 Nd7 20. Qa4 Nb8 21. Qb3 Nd7 22. Qb7 Rd8 23. Qxc6 Kf8 24. f4 Kg7 25. Bxa7 Nb8 26. Bxb8 Rxb8 27. Bxe6 Qe8 28. Qxd5 Rxb2 29. Rab1 Rxb1 30. Rxb1 Qd8 31. Rb7 1-0

[Event "ROU-ch Women 2021"]
[Site "Iasi"]
[Date "2021.04.24"]
[Round "8.3"]
[White "Peptan, Corina-Isabela"]
[Black "Pirvan, Maria"]
[Result "1-0"]
[ECO "A43"]
[WhiteElo "2392"]
[BlackElo "1529"]
[Annotator "NA"]
[PlyCount "27"]
[EventDate "2021.04.19"]
[EventType "swiss"]
[EventCountry "ROU"]
[SourceTitle "playchess.com"]
[Source "ChessBase"]
[SourceQuality "1"]
[TimeControl "5400+30"]

1. d4 Nf6 2. Nf3 g6 3. g3 c5 4. d5 d6 5. Bg2 Bg7 6. Nc3 O-O 7. O-O e6 8. dxe6 fxe6 9. e4 d5 10. Bg5 h6 11. Bxf6 Bxf6 12. exd5 Bxc3 13. bxc3 exd5 14. Ne5 1-0

[Event "ROU-ch Women 2021"]
[Site "Iasi"]
[Date "2021.04.24"]
[Round "8.4"]
[White "Obada, Ema"]
[Black "Marcu, Daria-Ana"]
[Result "1-0"]
[ECO "B13"]
[WhiteElo "1940"]
[BlackElo "1533"]
[Annotator "NA"]
[PlyCount "109"]
[EventDate "2021.04.19"]
[EventType "swiss"]
[EventCountry "ROU"]
[SourceTitle "playchess.com"]
[Source "ChessBase"]
[SourceQuality "1"]
[TimeControl "5400+30"]

1. e4 c6 2. d4 d5 3. exd5 cxd5 4. Bd3 Nc6 5. c3 Nf6 6. h3 a6 7. Nf3 e6 8. O-O Bd6 9. Re1 O-O 10. Bg5 Be7 11. Nbd2 Bd7 12. Qe2 h6 13. Bf4 Na7 14. Qe3 Re8 15. Ne5 Nc6 16. Bc2 Rc8 17. Qd3 Nxe5 18. dxe5 Bb5 19. Qf3 Nd7 20. Nb3 Bg5 21. Bg3 Nf8 22. Nd4 Qb6 23. h4 Be7 24. Qg4 Bc5 25. Nb3 d4 26. cxd4 Bb4 27. Rec1 Ba4 28. Bf4 Bxb3 29. Bxh6 g6 30. axb3 Red8 31. Be3 Qb5 32. Be4 Rxc1+ 33. Rxc1 b6 34. Qg5 Rb8 35. Rc7 Qe8 36. Qh6 Rc8 37. Bg5 Nh7 38. Bxg6 Nxg5 39. Rb7 Bf8 40. Qxg5 fxg6 41. h5 Rd8 42. hxg6 Rd7 43. Rxb6 Rg7 44. Rxa6 Rxg6 45. Qf4 Bh6 46. Qe4 Kh7 47. Ra7+ Bg7 48. b4 Qc8 49. Ra3 Qc1+ 50. Kh2 Qc7 51. Rg3 Qf7 52. b5 Bh6 53. Qxg6+ Qxg6 54. Rxg6 Kxg6 55. b6 1-0

[Event "ROU-ch Women 2021"]
[Site "Iasi"]
[Date "2021.04.24"]
[Round "8.5"]
[White "Maria, Lia-Alexandra"]
[Black "Pancu, Aureliana-Eugenia"]
[Result "1-0"]
[ECO "C11"]
[WhiteElo "1713"]
[BlackElo "1878"]
[Annotator "NA"]
[PlyCount "87"]
[EventDate "2021.04.19"]
[EventType "swiss"]
[EventCountry "ROU"]
[SourceTitle "playchess.com"]
[Source "ChessBase"]
[SourceQuality "1"]
[TimeControl "5400+30"]

1. e4 e6 2. d4 d5 3. Nc3 Nf6 4. e5 Nfd7 5. f4 c5 6. Nf3 Nc6 7. Be3 cxd4 8. Nxd4 Bc5 9. a3 Bxd4 10. Bxd4 Nxd4 11. Qxd4 Qb6 12. Nb5 Qxd4 13. Nxd4 a6 14. b4 Ke7 15. c4 dxc4 16. Bxc4 Nb6 17. Bb3 Rd8 18. Rd1 Bd7 19. O-O Rac8 20. Rf3 Ba4 21. Bxa4 Nxa4 22. f5 Rd5 23. fxe6 fxe6 24. Nf5+ Kd7 25. Rxd5+ exd5 26. Nxg7 Rc1+ 27. Kf2 Rc2+ 28. Ke1 Rxg2 29. e6+ Kd6 30. Rf7 Nc3 31. e7 Re2+ 32. Kf1 Rxe7 33. Nf5+ Ke6 34. Rxe7+ Kxf5 35. Rxh7 b5 36. Rg7 d4 37. Rd7 Ke4 38. h4 Nd5 39. h5 Ne3+ 40. Ke2 Nf5 41. Kd2 Ke5 42. Kd3 Kf6 43. Rxd4 Kg7 44. Rd5 1-0

[Event "ROU-ch Women 2021"]
[Site "Iasi"]
[Date "2021.04.24"]
[Round "8.6"]
[White "Lehaci, Miruna-Daria"]
[Black "Andries, Alexia"]
[Result "1-0"]
[ECO "B42"]
[WhiteElo "2188"]
[BlackElo "1553"]
[Annotator "NA"]
[PlyCount "113"]
[EventDate "2021.04.19"]
[EventType "swiss"]
[EventCountry "ROU"]
[SourceTitle "playchess.com"]
[Source "ChessBase"]
[SourceQuality "1"]
[TimeControl "5400+30"]

1. e4 c5 2. Nf3 e6 3. d4 cxd4 4. Nxd4 a6 5. Bd3 Qc7 6. O-O Nf6 7. Kh1 Be7 8. f4 d6 9. a4 Nbd7 10. a5 b5 11. axb6 Qxb6 12. Nb3 Bb7 13. Qe2 Qc7 14. Nc3 O-O 15. Bd2 e5 16. Bxa6 Bc6 17. Bd3 d5 18. Rxa8 Rxa8 19. exd5 Nxd5 20. Nxd5 Bxd5 21. Bxh7+ Kf8 22. Be4 Bxe4 23. Qxe4 Rc8 24. Bc3 Qc4 25. Qxc4 Rxc4 26. fxe5 Re4 27. Ra1 Bg5 28. Nd2 Re2 29. Nf3 Bf4 30. Ra8+ Ke7 31. Bb4+ Nc5 32. Bxc5+ Kd7 33. Ra7+ Kd8 34. Rxf7 Bc1 35. b4 Rxc2 36. e6 Re2 37. e7+ Kd7 38. Rf8 Ba3 39. Rd8+ Kc7 40. e8=Q Rxe8 41. Rxe8 Kc6 42. Rd8 Bb2 43. Nd4+ Bxd4 44. Rxd4 Kb5 45. h4 g6 46. g4 Ka4 47. h5 gxh5 48. gxh5 Kb5 49. h6 Ka4 50. h7 Kb5 51. h8=Q Ka4 52. b5+ Kxb5 53. Qb8+ Kxc5 54. Qe5+ Kc6 55. Rd6+ Kc7 56. Qe7+ Kc8 57. Rd8# 1-0

[Event "ROU-ch Women 2021"]
[Site "Iasi"]
[Date "2021.04.25"]
[Round "9.1"]
[White "Anghel, Maria"]
[Black "Ciolacu, Alessia-Mihaela"]
[Result "0-1"]
[ECO "E11"]
[WhiteElo "1918"]
[BlackElo "2052"]
[Annotator "ChessBase"]
[PlyCount "136"]
[EventDate "2021.04.19"]
[EventType "swiss"]
[EventCountry "ROU"]
[SourceTitle "playchess.com"]
[Source "ChessBase"]
[SourceQuality "1"]
[TimeControl "5400+30"]

1. d4 e6 2. c4 Nf6 3. Nf3 Bb4+ 4. Bd2 Qe7 5. g3 O-O 6. Bg2 d5 7. cxd5 exd5 8. O-O Bf5 9. a3 Bd6 10. Nc3 c6 11. Rc1 h6 12. Ne1 Nbd7 13. Nd3 Nb6 14. Bf4 Nc4 15. Bxd6 Qxd6 16. Re1 Rfe8 17. Qb3 Re7 18. Qa2 Rae8 19. Qa1 Nd2 20. Nc5 b6 21. Rcd1 Nc4 22. Nd3 Ne4 23. b4 Nxc3 24. Qxc3 Rxe2 25. Rxe2 Rxe2 26. Ne5 Nxe5 27. Bf1 Re4 28. Bg2 Nc4 29. Bxe4 Bxe4 30. Re1 Qf6 31. Rxe4 dxe4 32. Qxc4 Qd6 33. a4 Qd5 34. Qa6 Qd7 35. b5 cxb5 36. axb5 g6 37. Qa4 Qd5 38. Qxa7 Qxd4 39. Qa8+ Kg7 40. Qc6 h5 41. h4 Qd1+ 42. Kh2 Qd4 43. Kg1 e3 44. fxe3 Qxe3+ 45. Kg2 Qe2+ 46. Kg1 Qd1+ 47. Kh2 Qd2+ 48. Kg1 Qe1+ 49. Kg2 Qe6 50. Qc3+ Qf6 51. Qc6 Qd4 52. Kh1 Qf2 53. Qc3+ Kg8 54. Qc8+ Kh7 55. Qe8 Kg7 56. Qe5+ Qf6 57. Qe8 Qf3+ 58. Kh2 Qf2+ 59. Kh3 Kf6 60. Qd8+ Ke6 61. Qe8+ Kf6 62. Qd8+ Ke5 63. Qc7+ Ke4 64. Qc6+ Kd3 65. Qd5+ Kc3 66. Qe5+ Kb4 67. Qe7+ Kxb5 68. Qg5+ Qf5+ 0-1

[Event "ROU-ch Women 2021"]
[Site "Iasi"]
[Date "2021.04.25"]
[Round "9.2"]
[White "Maria, Lia-Alexandra"]
[Black "Sandu, Mihaela"]
[Result "0-1"]
[ECO "B42"]
[WhiteElo "1713"]
[BlackElo "2268"]
[Annotator "ChessBase"]
[PlyCount "38"]
[EventDate "2021.04.19"]
[EventType "swiss"]
[EventCountry "ROU"]
[SourceTitle "playchess.com"]
[Source "ChessBase"]
[SourceQuality "1"]
[TimeControl "5400+30"]

1. e4 c5 2. Nf3 e6 3. d4 cxd4 4. Nxd4 a6 5. Bd3 Nc6 6. Nxc6 dxc6 7. O-O e5 8. Nd2 Qc7 9. a3 Be6 10. b4 c5 11. bxc5 Bxc5 12. Nb3 Ba7 13. Bb2 Ne7 14. c4 O-O 15. Qc2 Ng6 16. g3 Rac8 17. Rac1 Rfd8 18. Rfd1 b5 19. cxb5 Qb6 0-1

[Event "ROU-ch Women 2021"]
[Site "Iasi"]
[Date "2021.04.25"]
[Round "9.4"]
[White "Andries, Alexia"]
[Black "Obada, Ema"]
[Result "0-1"]
[ECO "E47"]
[WhiteElo "1553"]
[BlackElo "1940"]
[Annotator "ChessBase"]
[PlyCount "98"]
[EventDate "2021.04.19"]
[EventType "swiss"]
[EventCountry "ROU"]
[SourceTitle "playchess.com"]
[Source "ChessBase"]
[SourceQuality "1"]
[TimeControl "5400+30"]

1. d4 e6 2. c4 Nf6 3. Nc3 Bb4 4. e3 O-O 5. Bd3 d6 6. Nf3 Qe7 7. e4 e5 8. d5 Bxc3+ 9. bxc3 h6 10. h3 b6 11. O-O Na6 12. Be3 Nc5 13. Bxc5 bxc5 14. Rb1 Nh5 15. Qd2 Nf4 16. Rb3 Qf6 17. Kh2 Nxh3 18. gxh3 Qxf3 19. Qe3 Qh5 20. Rg1 f5 21. exf5 Bxf5 22. Bxf5 Rxf5 23. Qg3 Qf7 24. Rb2 Rf8 25. Rg2 Qf6 26. Re2 Rf3 27. Qg4 Rxc3 28. Re3 Rxe3 29. fxe3 Qe7 30. h4 Rf6 31. Rb2 e4 32. Rb7 Qe5+ 33. Kg2 h5 34. Qg3 Qf5 35. Rxc7 Qf1+ 36. Kh2 Rf2+ 37. Qxf2 Qxf2+ 38. Kh3 Qxe3+ 39. Kg2 Qf3+ 40. Kg1 e3 41. Re7 Qf2+ 42. Kh1 Qxh4+ 43. Kg1 Qxe7 44. Kf1 e2+ 45. Ke1 h4 46. a4 a5 47. Kf2 e1=Q+ 48. Kg2 Q7e4+ 49. Kh2 Qg3# 0-1

[Event "ROU-ch Women 2021"]
[Site "Iasi"]
[Date "2021.04.25"]
[Round "9.5"]
[White "Marcu, Daria-Ana"]
[Black "Lehaci, Miruna-Daria"]
[Result "0-1"]
[ECO "C17"]
[WhiteElo "1533"]
[BlackElo "2188"]
[Annotator "ChessBase"]
[PlyCount "74"]
[EventDate "2021.04.19"]
[EventType "swiss"]
[EventCountry "ROU"]
[SourceTitle "playchess.com"]
[Source "ChessBase"]
[SourceQuality "1"]
[TimeControl "5400+30"]

1. e4 e6 2. d4 d5 3. Nc3 Bb4 4. e5 c5 5. Bd2 Ne7 6. a3 Bxc3 7. Bxc3 b6 8. Nf3 Qc7 9. Bd3 Ba6 10. O-O Bxd3 11. Qxd3 a6 12. b4 Nd7 13. Rac1 c4 14. Qd2 O-O-O 15. Nh4 Ng6 16. Nf3 Kb7 17. Qe3 h6 18. a4 Ne7 19. Rfe1 g5 20. h3 Rdg8 21. Nh2 h5 22. Nf1 Nf5 23. Qe2 g4 24. h4 Nxh4 25. Ng3 Ng6 26. Qe3 Qd8 27. Ne2 Ne7 28. Qf4 Rh7 29. Bd2 h4 30. Rf1 Nf5 31. Nc3 Nf8 32. Ne2 Rhg7 33. g3 Ng6 34. Qg5 Qe8 35. Qf6 Nge7 36. Nf4 Rh8 37. Nxe6 fxe6 0-1

[Event "ROU-ch Women 2021"]
[Site "Iasi"]
[Date "2021.04.25"]
[Round "9.6"]
[White "Pirvan, Maria"]
[Black "Cosman, Andreea-Marioara"]
[Result "0-1"]
[ECO "B66"]
[WhiteElo "1529"]
[BlackElo "2164"]
[Annotator "ChessBase"]
[PlyCount "74"]
[EventDate "2021.04.19"]
[EventType "swiss"]
[EventCountry "ROU"]
[SourceTitle "playchess.com"]
[Source "ChessBase"]
[SourceQuality "1"]
[TimeControl "5400+30"]

1. e4 c5 2. Nf3 d6 3. d4 cxd4 4. Nxd4 Nf6 5. Nc3 a6 6. Bg5 e6 7. f4 Nc6 8. Qd2 h6 9. Bxf6 Qxf6 10. Nxc6 bxc6 11. O-O-O Qd8 12. Bd3 Rb8 13. Rhf1 Be7 14. g3 O-O 15. h4 Qa5 16. Rde1 d5 17. exd5 cxd5 18. a3 Rxb2 19. Nxd5 Bb4 20. Nxb4 Qxa3 21. Kd1 Rxb4 22. Re3 Qa4 23. Ke2 Rd4 24. Qc3 Rfd8 25. Ra1 Qd7 26. Re4 Rxe4+ 27. Bxe4 Bb7 28. Bxb7 Qxb7 29. Kf2 Rc8 30. Qb3 Qe4 31. Rc1 a5 32. c3 a4 33. Qa3 Rd8 34. Qa2 Rd3 35. Qe2 Qxe2+ 36. Kxe2 Rxg3 37. c4 Kf8 0-1